 Seeded DCSS version 0.30.1 (webtiles) character file.

Game seed: 13076571313884902175 (custom seed)

77 CInkIbrahim the Poker (level 4, 39/39 HPs)
             Began as an Armataur Berserker on July 12, 2023.
             Was a Believer of Trog.
             Quit the game on level 2 of the Dungeon.
             The game lasted 00:02:10 (1583 turns).

CInkIbrahim the Poker (Armataur Berserker)          Turns: 1583, Time: 00:02:11

Health: 39/39      AC:  6    Str: 25    XL:     4   Next: 13%
Magic:  4/4        EV:  9    Int:  7    God:    Trog [**....]
Gold:   121        SH:  0    Dex:  9    Spells: 3/3 levels left

rFire   . . .        a - +0 spear
rCold   . . .        (no shield)
rNeg    . . .        b - +0 animal skin
rPois   .            k - +2 hat of the Bear Spirit {Spirit, Bear, *Rage Will++}
rElec   .            (no cloak)
rCorr   .            (no gloves)
SInv    .            (no barding)
Will    ++...        (no amulet)
Stlth   +            (no ring)
HPRegen 0.26/turn    (no ring)
MPRegen 0.09/turn

%: random rage (20%), guardian spirit, roll
@: no status effects
A: large, rugged brown scales 3, deformed body, armoured tail, roll, long
tongue, awkward tongue
a: Renounce Religion, Berserk, Trog's Hand


You were on level 2 of the Dungeon.
You worshipped Trog.
Trog was pleased with you.
You visited 1 branch of the dungeon, and saw 2 of its levels.

You collected 121 gold pieces.

Inventory:

Hand Weapons
 a - a +0 spear (weapon)
Armour
 b - a +0 animal skin (worn)
 k - the +2 hat of the Bear Spirit (worn) {Spirit, Bear, *Rage Will++}
   (You found it on level 2 of the Dungeon)

   Bear:      Going berserk makes the wearer exceptionally tough, and they are
   slowed for a shorter time afterward.
   *Rage:     It berserks you when you make melee attacks (+20% chance).
   Will:      It greatly increases your willpower.
Jewellery
 j - an amulet of magic regeneration
Scrolls
 c - a scroll of magic mapping {unknown}
 d - 2 scrolls of enchant weapon {unknown}
 f - a scroll of acquirement
 l - a scroll of summoning {unknown}
 m - a scroll of poison {unknown}
 n - a scroll of torment {unknown}
Potions
 e - a potion of haste {unknown}
 g - a potion of lignification {unknown}
 h - a potion of degeneration {unknown}
 i - a potion of curing {unknown}


   Skills:
 - Level 2.6 Fighting
 + Level 4.1 Polearms
 - Level 2.4 Armour
 - Level 1.3 Dodging


You had 3 spell levels left.
You didn't know any spells.
Your spell library was empty.

Dungeon Overview and Level Annotations

Branches:
Dungeon (2/15)

Altars:


Innate Abilities, Weirdness & Mutations

You are completely covered in rugged brown scales. (AC +3, +7% HP)
Armour fits poorly on your strangely shaped body.
You have a long armoured tail.
You roll when moving toward enemies. (Rampage)
Your long tongue fully drains potion bottles. (2x potion effects)
Your tongue gives you trouble enunciating. (1.5x scroll delay)


Message History

The bat hits you.
A bat is nearby!
You barely miss the bat.
Your tail-slap misses the bat.
The bat hits you but does no damage.
A bat is nearby!
The bat hits you but does no damage.
A bat is nearby!
You reach to attack!
A red film seems to cover your vision as you go berserk!
You feel yourself moving faster!
You feel mighty!
You puncture the bat!
You kill the bat!
Trog accepts your kill.
Calm down first, please.
No target in view!
Calm down first, please.
No target in view!
You feel a strong urge to attack something.
You feel your anger nearly subside.
Your blood rage is quickly leaving you.
You are no longer berserk.
You are exhausted.
You feel yourself slow down.
You feel yourself speed up.
You see here a book of Conjurations.
You recover from your berserk rage.
Found 6 stones.
No target in view!
You see here 6 stones.
Done exploring.
No target in view!
Done exploring.
No target in view!
Done exploring.
No target in view!
Done exploring.
No target in view!
Search for what [Enter for "bear", or ? for help]? .
This is a scroll of acquirement!
Something appears at your feet!
Are you sure you want to abandon this character and quit the game? (Confirm with "yes".)

####.#
#.#.............#
##.#####
#.#.##########.##
#......# #..........#
#.#
#......#####.######.#
#.# #.......# #.# #.#
#.# #.......# #.# #.#
#.# #....<..# #.# #.#
#.# #.......#
#.######.# #.#
#.......# #.#@(....#
#.# #.......#
#.#.###### #.#
#.......# #.#.#
#####.# #.......#
#.#.## #...#.#
#.......# #.#..#
#.#.#.# #####.#.#
#.##.# #.#.#.#
#.#.####.##.# #.#.#.#
#.#......##.# #.#.#.#
#.#####.###.###.#.#.#


There were no monsters in sight!

Vanquished Creatures
  3 gnolls (D:2)
  An adder (D:2)
  2 worms (D:2)
  3 dart slugs
  3 ball pythons
  2 endoplasms (D:1)
  2 goblins (D:1)
  A hobgoblin (D:2)
  3 kobolds
  2 quokkas (D:2)
  2 bats (D:2)
  3 frilled lizards
  3 rats
30 creatures vanquished.

Notes
Turn   | Place    | Note
-------+----------+-------------------------------------------
     0 | D:1      | CInkIbrahim the Armataur Berserker began the quest for the
                  | Orb.
     0 | D:1      | Reached XP level 1. HP: 19/19 MP: 1/1
   265 | D:1      | Reached skill level 3 in Polearms
   265 | D:1      | Reached XP level 2. HP: 25/26 MP: 2/2
   636 | D:2      | Reached XP level 3. HP: 32/32 MP: 3/3
   800 | D:2      | Reached skill level 4 in Polearms
   802 | D:2      | Reached XP level 4. HP: 35/39 MP: 4/4
   903 | D:2      | Reached ** piety under Trog
   998 | D:2      | Found the +2 hat of the Bear Spirit {Spirit, Bear, *Rage
                  | Will++}
  1582 | D:2      | Identified 2 scrolls of acquirement
  1582 | D:2      | Acquired 687 gold pieces
  1583 | D:2      | Quit the game

Illustrated notes

Levels and vault maps discovered:
D:1:      lightli_arrival_boilingwater, layout_loops_cross
D:2:      layout_basic, minmay_split_cup_large

Skill      XL: |  1  2  3 |
---------------+----------+-----
Polearms       | 3 4 |  4.1
Fighting       | |  2.6
Armour         | |  2.4
Dodging        | |  1.3

Action                     |  1- 3 |  4- 6 || total
---------------------------+-------+-------++-------
  Melee: Spear             |    53 |    16 ||    69
         Tailslap          |     6 |     1 ||     7
         Punch             |     1 |       ||     1
 Invoke: Berserk           |     3 |     1 ||     4
    Use: Scroll            |       |     1 ||     1
   Stab: Sleeping          |     1 |       ||     1
 Armour: Animal skin       |     8 |     8 ||    16
  Dodge: Dodged            |    14 |     2 ||    16
